 Dungeon Crawl Stone Soup version 0.24-a0-201-gf205589 (console) character file.

Game seed: 5362840138175617106

623 bli the Slasher (level 7, -2/55 HPs)
             Began as a Barachi Monk on Mar 23, 2019.
             Slain by an iguana (7 damage)
             ... on level 5 of the Dungeon.
             The game lasted 00:13:16 (4079 turns).

bli the Slasher (Barachi Monk)                      Turns: 4079, Time: 00:13:17

Health: -2/55      AC:  2    Str: 12    XL:     7   Next: 46%
Magic:  7/7        EV: 17    Int: 10    God:
Gold:   136        SH:  0    Dex: 21    Spells: 6/6 levels left

rFire    . . .     SeeInvis .   a - +1 falchion (holy)
rCold    . . .     Gourm    .   (no shield)
rNeg     . . .     Faith    .   b - +0 robe
rPois    .         Spirit   .   h - +0 hat
rElec    .         Reflect  .   (no cloak)
rCorr    .         Harm     .   (no gloves)
MR       .....     Rnd*Tele +   (no boots)
Stlth    +++.......             x - amulet of regeneration
HPRegen  0.58/turn              o - +4 ring of dexterity
MPRegen  0.10/turn              r - ring of teleportation (curse)

@: lethally poisoned (-2 -> -3), slow
A: +LOS, swims, slowness 1, strong legs 1
a: Hop


You were on level 5 of the Dungeon.
You were not hungry.

You visited 1 branch of the dungeon, and saw 5 of its levels.

You collected 136 gold pieces.

Inventory:

Hand Weapons
 a - a +1 falchion of holy wrath (weapon)
 d - a +1 vampiric short sword
 s - a +0 hunting sling
 v - a +0 rapier
 y - a +1 dagger of venom
 z - a +0 falchion
 C - a +0 hunting sling
Missiles
 f - 173 stones (quivered)
 u - 2 throwing nets
Armour
 b - a +0 robe (worn)
 h - a +0 hat (worn)
 j - a +0 ring mail
 A - a +0 scale mail
Jewellery
 o - a +4 ring of dexterity (left hand)
 r - a cursed ring of teleportation (right hand)
 x - an amulet of regeneration (around neck)
 D - an uncursed amulet of faith {unknown}
Wands
 t - a wand of digging (4)
Scrolls
 k - 2 scrolls of fear {unknown}
 l - 2 scrolls of identify
 m - 2 scrolls of teleportation {unknown}
 n - 3 scrolls of enchant weapon {unknown}
 p - a scroll of remove curse {unknown}
Potions
 e - 4 potions of invisibility {unknown}
 g - a potion of agility {unknown}
 i - 4 potions of heal wounds
 q - 2 potions of might {unknown}
 B - a potion of haste
Comestibles
 c - 8 rations
 w - a chunk of flesh


   Skills:
 + Level 4.6 Fighting
 + Level 7.4 Long Blades
 * Level 5.8 Dodging
 + Level 3.1 Stealth


You had 6 spell levels left.
You didn't know any spells.
Your spell library was empty.

Dungeon Overview and Level Annotations

Branches:
Dungeon (5/15)
 Temple: D:4-7

Altars:
Gozag
Nemelex Xobeh

Annotations:
D:3 2 transporters


Innate Abilities, Weirdness & Mutations

Shadows flee at your approach. (+LOS)
You can swim through water.
You cover ground slowly.
You can hop short distances.


Message History

You barely miss the worker ant. The iguana misses you.
The worker ant completely misses you. The iguana barely misses you.
The worker ant bites you.
You are poisoned.
The worker ant poisons you! The iguana bites you. The worker ant bites you!
You feel sick. The iguana closely misses you.
You riposte.
You hit the iguana.
The iguana is moderately wounded.
The worker ant bites you.
Some of the chunks of flesh in your inventory have rotted away.
You feel sick. The worker ant barely misses you.
You riposte.
You hit the worker ant.
The worker ant is moderately wounded.
The iguana bites you!
* * * LOW HITPOINT WARNING * * *
An adder comes into view.
The worker ant misses you.
You riposte.
The adder hisses angrily.
You hit the worker ant but do no damage.
The worker ant is moderately wounded.
The iguana bites you!
You die...

...#.......#... .#
.............#
........##.#S.# # #
....<.....##.###. .#.
..........#(.>#.## ....
..........##..... #...
...#......##....# ...
.###............##.#
...#...............#
..............(.a###
...............l@#.#
...##....##...##...####
.......# ###.##......#
.......## #........##
........### #.##.....#
.#........# #..#........
...#......###...#....##.#
..####.........###..... #
...###........## .....#
...#...####.### ##..##
..##....#.#.# ###


You could see an iguana, a worker ant and an adder.

Vanquished Creatures
  An ogre (D:4)
  A bullfrog (D:4)
  A hound (D:4)
  A bullfrog skeleton (D:4)
  3 orc priests (D:4)
  2 orc wizards (D:4)
  Terence (D:3)
  Jessica (D:2)
  An iguana (D:4)
  3 hound skeletons (D:4)
  A worker ant zombie (D:5)
  8 adders
  3 dart slugs (D:2)
  2 leopard geckos (D:2)
  11 orcs
  2 giant cockroaches (D:3)
  5 goblins
  6 hobgoblins
  5 kobolds
  2 quokkas
  3 bats
  4 frilled lizards
  3 rats
70 creatures vanquished.

Notes
Turn   | Place    | Note
-------+----------+-------------------------------------------
     0 | D:1      | bli the Barachi Monk began the quest for the Orb.
     0 | D:1      | Reached XP level 1. HP: 18/18 MP: 1/1
   370 | D:1      | Reached skill level 4 in Long Blades
   392 | D:1      | Reached XP level 2. HP: 18/24 MP: 2/2
  1214 | D:2      | Reached XP level 3. HP: 29/29 MP: 3/3
  1459 | D:2      | Noticed Jessica
  1466 | D:2      | Killed Jessica
  1466 | D:2      | Reached skill level 5 in Long Blades
  1466 | D:2      | Reached XP level 4. HP: 17/36 MP: 4/4
  1843 | D:3      | Found an opulent altar of Gozag.
  1891 | D:4      | Reached XP level 5. HP: 11/42 MP: 5/5
  1894 | D:4      | HP: 2/42 [poisoned by an orc]
  2133 | D:4      | Reached skill level 6 in Long Blades
  2225 | D:5      | Entered Level 5 of the Dungeon
  2298 | D:4      | Reached XP level 6. HP: 34/48 MP: 6/6
  2455 | D:4      | Reached skill level 5 in Dodging
  3457 | D:3      | Noticed Terence
  3477 | D:3      | Killed Terence
  3477 | D:3      | Reached XP level 7. HP: 23/55 MP: 7/7
  3514 | D:3      | Found a transporter.
  3521 | D:3      | Found a transporter.
  3522 | D:3      | Noticed a two-headed ogre
  3531 | D:3      | Found a sparkling altar of Nemelex Xobeh.
  3734 | D:4      | Reached skill level 7 in Long Blades
  4079 | D:5      | Slain by an iguana

Levels and vault maps discovered:
D:1:      sevenhm_arrival_forest_fort_small_6, layout_loops_ring,
          minmay_misc_feat_hallway, minmay_tetromino_o2
D:2:      layout_loops_corners, first_ration, uniq_jessica
D:3:      layout_rooms, gammafunk_temple_overflow_arena, grunt_gozag_statues,
          uniq_terence
D:4:      layout_basic
D:5:      layout_cave_pools, old_standard_altar, gammafunk_ghost_split,
          kennysheep_small_circle, uniq_ijyb, uniq_blork_the_orc

Skill      XL: |  1  2  3  4  5  6  7 |
---------------+----------------------+-----
Long Blades    | 4 5 6 7 |  7.4
Dodging        | 4 5 |  5.8
Stealth        | 2 3 |  3.1
Fighting       | 4 |  4.6

Action                   |  1- 3 |  4- 6 |  7- 9 || total
-------------------------+-------+-------+-------++-------
Melee: Falchion          |    77 |   161 |    50 ||   288
Throw: Stone             |     1 |    25 |     3 ||    29
  Use: Potion            |       |     1 |       ||     1
       Scroll            |       |       |     1 ||     1
 Stab: Sleeping          |     6 |     5 |     2 ||    13
  Eat: Chunk             |     2 |     7 |     3 ||    12
Armor: Robe              |     5 |    12 |     1 ||    18
Dodge: Dodged            |    55 |   139 |    43 ||   237
       Rpst.: Falchion   |    20 |    37 |    18 ||    75

Table legend:
 A = Non-vault XP
 B = Vault XP
 C = Vault XP percentage of total XP
 D = Non-vault monster count
 E = Vault monster count
 F = Vault count percentage of total count
                 A         B        C        D         E       F
            +---------+---------+-------+---------+---------+-------
      Total |     811 |      79 |   8.9 |      66 |       4 |   5.7
            +---------+---------+-------+---------+---------+-------
        D:1 |      12 |       4 |  25.0 |       9 |       2 |  18.2
        D:2 |      39 |      37 |  48.7 |      18 |       1 |   5.3
        D:3 |      59 |      38 |  39.2 |      11 |       1 |   8.3
        D:4 |     672 |       0 |   0.0 |      26 |       0 |   0.0
        D:5 |      29 |       0 |   0.0 |       2 |       0 |   0.0
            +---------+---------+-------+---------+---------+-------
